 Dungeon Crawl Stone Soup version 0.31.0-11-ge490571c62 (webtiles) character file.

Game seed: 11062268032145489739

130 Zeor the Trooper (level 5, -5/42 HPs)
             Began as a Formicid Monk on Feb 1, 2024.
             Slain by an orc priest
             ... wielding a +0 trident
              (7 damage)
             ... on level 3 of the Dungeon.
             The game lasted 00:05:20 (1600 turns).

Zeor the Trooper (Formicid Monk)                    Turns: 1600, Time: 00:05:21

Health: -5/42      AC:  8    Str: 15    XL:     5   Next: 36%
Magic:  5/5        EV: 13    Int: 10    God:
Gold:   158        SH:  7    Dex: 24    Spells: 4/4 levels left

rFire   . . .        a - +0 falchion
rCold   . . .        h - +1 buckler
rNeg    . . .        e - +1 leather armour
rPois   .            (helmet unavailable)
rElec   .            (no cloak)
rCorr   .            (no gloves)
SInv    +            (no boots)
Will    .....        g - amulet of the acrobat
Stlth   ++           b - +6 ring of dexterity
HPRegen 0.27/turn    k - +4 ring of protection
MPRegen 0.09/turn

%: acrobat
@: no status effects
A: permanent stasis, dig shafts and tunnels, antennae 3, four strong arms
a: Dig, Shaft Self


You were on level 3 of the Dungeon.
You visited 1 branch of the dungeon, and saw 3 of its levels.

You collected 158 gold pieces.

Inventory:

Hand Weapons
 a - a +0 falchion (weapon)
Armour
 d - an orb of light
 e - a +1 leather armour (worn)
 h - a +1 buckler (worn)
Jewellery
 b - a +6 ring of dexterity (left hand)
 f - a ring of wizardry
 g - an amulet of the acrobat (around neck)
 k - a +4 ring of protection (right hand)
Potions
 j - a potion of attraction


   Skills:
 * Level 4.1 Fighting
 + Level 4.1 Long Blades
 + Level 0.5 Armour
 + Level 3.1 Dodging
 + Level 1.2 Stealth
 * Level 2.2 Shields


You had 4 spell levels left.
You didn't know any spells.
Your spell library was empty.

Dungeon Overview and Level Annotations

Branches:
Dungeon (3/15)

Altars:
Uskayaw

Annotations:
D:3 Jessica


Innate Abilities, Weirdness & Mutations

You cannot be hasted, slowed, berserked, paralysed or teleported.
You can dig through walls and to a lower floor.
You have a pair of large antennae on your head. (SInv)
Your four strong arms can wield two-handed weapons with a shield.


Message History

Jessica blinks!
You block the orc priest's attack. The orc priest misses you.
You hear a shout!
You hit the orc priest.
The orc priest is moderately wounded.
The orc misses you.
The orc priest hits you from afar with a +0 trident.
The orc priest hits you with a +0 club.
You hit the orc priest but do no damage.
The orc priest is moderately wounded.
The orc barely misses you. The orc priest hits you with a +0 club.
The orc priest closely misses you.
You closely miss the orc priest.
The orc priest is moderately wounded.
The orc closely misses you. The orc priest hits you with a +0 club.
You block the orc priest's attack.
You slash the orc priest!
You kill the orc priest!
You block the orc's attack.
The orc priest hits you from afar with a +0 trident!
The orc completely misses you.
The orc priest calls down the wrath of Beogh upon you.
Beogh smites you!
* * * LOW HITPOINT WARNING * * *
Things that are here:
a +0 club; a +0 leather armour; an orc corpse You hit the orc priest.
The orc priest is lightly wounded.
The orc misses you.
The orc priest hits you with a +0 trident.
* * * LOW HITPOINT WARNING * * *
You slash the orc priest!
The orc priest is almost dead.
The orc hits you with a +0 dagger.
* * * LOW HITPOINT WARNING * * *
You block the orc priest's attack.
You barely miss the orc priest.
The orc priest is almost dead.
You block the orc's attack.
The orc priest hits you with a +0 trident!
You die...

▒∙∙∙∙∙∙∙∙∙∙∙∙∙∙∙
▒∙∙∙∙∙∙∙∙∙∙∙∙∙∙∙
▒▒∙∙∙∙∙∙∙∙∙∙∙∙∙∙
▒▒∙∙∙∙)∙∙∙?∙∙∙∙∙∙
▒∙∙▒▒▒▒▒▒∙∙∙∙∙∙∙∙
▒∙▒▒ ▒▒∙o∙∙∙∙∙∙
▒∙▒ ▒o∙∙∙∙∙∙∙∙
▒∙▒ ▒o▒{∙∙∙∙∙∙
▒∙▒ ▒▒B▒▒o∙∙∙∙∙
▒∙▒ ▒o∙▒ ▒∙∙∙∙∙
∙∙ ▒∙▒ ▒∙▒▒
▒▒∙▒▒∙∙∙ ▒∙▒ ▒∙▒
∙▒▒∙▒∙ ▒∙▒ ▒∙▒


∙∙∙∙∙∙ ▒∙▒ ▒∙▒ ∙∙∙∙∙∙ ▒∙▒ ▒∙▒ ▒▒▒∙∙∙∙∙∙ ▒[▒ ▒∙▒ ▒▒)∙∙∙∙∙∙∙ ▒∙▒ ▒∙▒▒▒∙∙∙∙∙∙∙∙∙
You could see an orc priest and 3 orcs.

Vanquished Creatures
  A bombardier beetle (D:3)
  An orc priest (D:3)
  An adder (D:3)
  3 dart slugs
  4 orcs (D:3)
  5 ball pythons
  3 endoplasms
  5 goblins
  A hobgoblin (D:1)
  3 jackals (D:1)
  2 quokkas (D:1)
  3 bats
  6 frilled lizards
  8 kobolds
  2 rats (D:1)
48 creatures vanquished.

Notes
Turn   | Place    | Note
-------+----------+-------------------------------------------
     0 | D:1      | Zeor the Formicid Monk began the quest for the Orb.
     0 | D:1      | Reached XP level 1. HP: 18/18 MP: 1/1
    68 | D:1      | Reached XP level 2. HP: 12/24 MP: 2/2
   197 | D:1      | Reached XP level 3. HP: 25/30 MP: 3/3
   418 | D:1      | Found a faded altar of an unknown god.
   659 | D:2      | Reached skill level 1 in Shields
   691 | D:2      | Found a hide-covered altar of Uskayaw.
  1430 | D:3      | Reached skill level 1 in Stealth
  1430 | D:3      | Reached XP level 4. HP: 37/37 MP: 4/4
  1521 | D:3      | Reached XP level 5. HP: 42/42 MP: 5/5
  1569 | D:3      | Noticed Jessica
  1598 | D:3      | HP: 2/42 [orc priest/+0 trident (2)]
  1600 | D:3      | Slain by an orc priest

Illustrated notes

Levels and vault maps discovered:
D:1:      dpeg_arrival_solitude, layout_rooms,
          hellmonk_ecumenical_altar_heavens_door, minmay_pentomino_x2
D:2:      layout_basic, serial_aquarium, aquarium_bridge_square
          [aquarium_subvault_bridge, aquarium_subvault_bridge,
          aquarium_subvault_window, aquarium_subvault_wall],
          aquarium_window_corner, aquarium_window_corridor_3, aquarium_view_2c,
          aquarium_balcony_1b, aquarium_pool_2, basic_altar
D:3:      layout_rooms, mainiacjoe_sewer_entry_somewhere_in_here_2,
          chequers_serial_rivers_marsh, st_stairs_14, eino_tiny_chamber,
          uniq_jessica

Skill      XL: |  1  2  3  4 |
---------------+-------------+-----
Dodging        | 3 |  3.1
Shields        | 1 2 |  2.2
Stealth        | 1 |  1.2
Fighting       | 4 |  4.1
Long Blades    | 4 |  4.1
Armour         | |  0.5

Action                     |  1- 3 |  4- 6 || total
---------------------------+-------+-------++-------
  Melee: Falchion          |    97 |    38 ||   135
    Use: Scroll            |     4 |     2 ||     6
         Potion            |       |     3 ||     3
   Stab: Sleeping          |     1 |       ||     1
 Armour: Robe              |    24 |       ||    24
         Leather armour    |     9 |    23 ||    32
  Dodge: Dodged            |    52 |    26 ||    78
  Block: Buckler           |     5 |    21 ||    26
